 Dungeon Crawl Stone Soup version 0.24-a0-630-g0d56a851f4 (webtiles) character file.

Game seed: 16767147112254305462, levelgen mode: deterministic

604 Ijustatesigmund the Chopper (level 7, -2/64 HPs)
             Began as a Minotaur Monk on Sept 19, 2019.
             Slain by an ogre
             ... wielding a +0 giant club
              (11 damage)
             ... on level 4 of the Dungeon.
             The game lasted 00:05:35 (3200 turns).

Ijustatesigmund the Chopper (Minotaur Monk)         Turns: 3200, Time: 00:05:36

Health: -2/64      AC: 10    Str: 16    XL:     7   Next: 18%
Magic:  6/6        EV:  7    Int:  8    God:
Gold:   72         SH:  4    Dex: 13    Spells: 6/6 levels left

rFire    . . .     SeeInvis .   a - +1 hand axe
rCold    . . .     Gourm    .   h - +0 buckler
rNeg     . . .     Faith    .   b - +0 chain mail
rPois    .         Spirit   .   (helmet restricted)
rElec    .         Reflect  .   f - +0 cloak
rCorr    .         Harm     .   (no gloves)
MR       .....                  (no boots)
Stlth    ..........             (no amulet)
HPRegen  0.20/turn              (no ring)
MPRegen  0.10/turn              (no ring)

@: no status effects
A: retaliatory headbutt, horns 2
a: no special abilities


You were on level 4 of the Dungeon.
You were not hungry.

You visited 1 branch of the dungeon, and saw 4 of its levels.

You collected 72 gold pieces.

Inventory:

Hand Weapons
 a - a +1 hand axe (weapon)
Armour
 b - a +0 chain mail (worn)
 f - a +0 cloak (worn)
 h - a +0 buckler (worn)
Wands
 l - a wand of random effects (19)
Scrolls
 k - a scroll of identify
Potions
 d - a potion of brilliance {unknown}
 e - a potion of flight
 g - a potion of haste
 i - a potion of berserk rage
 j - 2 potions of lignification {unknown}
Comestibles
 c - 7 rations


   Skills:
 - Level 6.7 Fighting
 - Level 7.2 Axes
 + Level 3.1 Armour
 + Level 3.3 Dodging
 - Level 1.5 Stealth
 + Level 1.5 Shields


You had 6 spell levels left.
You didn't know any spells.
Your spell library was empty.

Dungeon Overview and Level Annotations

Branches:
Dungeon (4/15)
 Temple: D:4-7

Altars:


Innate Abilities, Weirdness & Mutations

You reflexively headbutt those who attack you in melee.
You have a pair of horns on your head.


Message History

You hit the ogre.
You headbutt the ogre, but do no damage.
The ogre is heavily wounded.
The ogre hits you but does no damage.
Your shield and chain mail prevent you from hitting the ogre.
The ogre is heavily wounded.
The ogre hits you with a +0 giant club!
* * * LOW HITPOINT WARNING * * *
You hit the ogre but do no damage.
You headbutt the ogre, but do no damage.
The ogre is heavily wounded.
You hit the ogre. Your headbutt misses the ogre.
The ogre is severely wounded.
The ogre hits you with a +0 giant club!
* * * LOW HITPOINT WARNING * * *
Your chain mail prevents you from hitting the ogre.
You headbutt the ogre!
The ogre is almost dead.
The ogre hits you with a +0 giant club!
You die...

##.##...#
#..##..#
##.....#
##..#.....#
#.<#####.#
###.#####
#..<....##
.....#####..#
####. ##@# #
#)O...#
#....:#
#?.......
#.....###
#######


You could see an ogre.

Vanquished Creatures
  A phantom (D:4)
  2 ogres (D:3)
  A hound (D:4)
  Crazy Yiuf (D:2)
  Jessica (D:2)
  Natasha (twice) (D:2)
  4 gnolls
  10 adders
  2 oozes
  2 adder skeletons (D:4)
  3 dart slugs
  3 leopard geckos
  2 orcs (D:4)
  A ball python (D:2)
  A giant cockroach (D:1)
  8 goblins
  8 hobgoblins
  A jackal (D:2)
  6 bats
  5 frilled lizards
  6 kobolds
  8 rats
78 creatures vanquished.

Notes
Turn   | Place    | Note
-------+----------+-------------------------------------------
     0 | D:1      | Ijustatesigmund the Minotaur Monk began the quest for the
                  | Orb.
     0 | D:1      | Reached XP level 1. HP: 19/19 MP: 0/0
    77 | D:1      | Reached skill level 4 in Axes
    82 | D:1      | Reached XP level 2. HP: 19/26 MP: 1/1
   385 | D:1      | Reached skill level 5 in Axes
   388 | D:1      | Reached XP level 3. HP: 28/31 MP: 2/2
   636 | D:1      | Reached skill level 1 in Armour
  1097 | D:2      | Reached XP level 4. HP: 39/39 MP: 3/3
  1115 | D:2      | Noticed Natasha
  1120 | D:2      | Killed Natasha
  1236 | D:2      | Noticed Jessica
  1241 | D:2      | Killed Jessica
  1241 | D:2      | Reached skill level 1 in Shields
  1661 | D:2      | Noticed Natasha
  1666 | D:2      | Killed Natasha
  1666 | D:2      | Reached XP level 5. HP: 39/45 MP: 4/4
  1777 | D:2      | Found a runed translucent door.
  1778 | D:2      | Noticed Crazy Yiuf
  1786 | D:2      | Killed Crazy Yiuf
  2023 | D:3      | Noticed an ogre
  2031 | D:3      | Killed an ogre
  2031 | D:3      | Reached skill level 5 in Fighting
  2031 | D:3      | Reached XP level 6. HP: 53/56 MP: 5/5
  2113 | D:3      | Reached skill level 6 in Axes
  3003 | D:4      | Reached skill level 7 in Axes
  3003 | D:4      | Reached XP level 7. HP: 46/64 MP: 6/6
  3200 | D:4      | Slain by an ogre

Levels and vault maps discovered:
D:1:      lemuel_arrival_funnel, layout_basic, serial_park_tiny_1
D:2:      layout_basic, nrook_uturn, minmay_between, uniq_jessica,
          uniq_crazy_yiuf_cottage, uniq_natasha
D:3:      layout_basic, first_ration, minmay_misc_feat_plants
D:4:      gammafunk_steamed_eel, layout_rooms, minitemple

Skill      XL: |  1  2  3  4  5  6 |
---------------+-------------------+-----
Axes           | 4 5 7 |  7.2
Armour         | 2 3 |  3.1
Shields        | 1 |  1.5
Fighting       | 5 6 |  6.7
Dodging        | |  3.3
Stealth        | |  1.5

Action                   |  1- 3 |  4- 6 |  7- 9 || total
-------------------------+-------+-------+-------++-------
Melee: Hand axe          |    53 |   141 |    23 ||   217
       Headbutt          |    10 |    21 |     5 ||    36
  Use: Scroll            |     5 |     4 |       ||     9
  Eat: Chunk             |     1 |     5 |     1 ||     7
Armor: Ring mail         |     4 |       |       ||     4
       Chain mail        |    26 |    80 |    15 ||   121
Dodge: Dodged            |    22 |    47 |     9 ||    78
Block: Buckler           |       |    23 |     3 ||    26

Table legend:
 A = Non-vault XP
 B = Vault XP
 C = Vault XP percentage of total XP
 D = Non-vault monster count
 E = Vault monster count
 F = Vault count percentage of total count
                 A         B        C        D         E       F
            +---------+---------+-------+---------+---------+-------
      Total |     734 |     129 |  14.9 |      72 |       6 |   7.7
            +---------+---------+-------+---------+---------+-------
        D:1 |      56 |       0 |   0.0 |      21 |       0 |   0.0
        D:2 |      84 |     129 |  60.6 |      15 |       6 |  28.6
        D:3 |     373 |       0 |   0.0 |      27 |       0 |   0.0
        D:4 |     221 |       0 |   0.0 |       9 |       0 |   0.0
            +---------+---------+-------+---------+---------+-------
